Map: Vaani Research Station (Void)

Players

Musumeci - Winner!

  • Race: Zerg Zerg
  • League: Diamond
  • Spawn Location: 12:00

Nïàk

  • Race: Terran Terran
  • League: Diamond
  • Spawn Location: 6:00

VOD

Have the link to the VOD?

Description

Time

  • Played on: Jan. 7, 2017, 8:39 a.m.
  • Length: 20:20
Show
View Real Time Build Order
Export as new Build Order

Musumeci Zerg - Winner!

Build Orders: Hatch First 

Get SALT Encoding   

  12  0:04  Drone  
  13  0:09  Drone  
  13  0:13  Extractor  
  13  0:15  Drone  
  15  0:41  Hatchery  
  14  0:50  Drone, Extractor  
  15  1:06  Spawning Pool  
  15  1:09  Extractor  
  13  1:11  Drone  
  13  1:16  Drone, Extractor  
  16  1:33  Overlord  
  16  1:51  Drone x3  
  16  1:53  Queen  
  21  1:54  Queen  
  21  1:58  Drone  
  24  2:02  Drone  
  25  2:09  Overlord  
  25  2:15  Drone  
  26  2:25  Extractor  
  26  2:28  Queen  
  27  2:35  Queen  
  29  2:39  Drone x2  
  29  2:40  Drone, Extractor  
  29  2:44  Drone  
  33  2:52  Extractor  
  33  2:53  Drone x3  
  36  3:00  Overlord  
  36  3:03  Overlord  
  36  3:15  Extractor  
  36  3:17  Extractor  
  34  3:20  Drone x5, Roach Warren  
  34  3:26  Drone x2  
  40  3:29  Drone  
  40  3:34  Drone  
  42  3:51  Drone  
  42  3:52  Drone  
  44  3:57  Hatchery  
  43  4:06  Drone  
  43  4:07  Drone x2  
  43  4:08  Drone x2  
  43  4:09  Drone  
  49  4:16  Spore Crawler  
  48  4:18  Roach, Spore Crawler  
  48  4:19  Roach  
  48  4:20  Overlord, Spore Crawler  
  48  4:22  Spore Crawler  
  49  4:28  Roach  
  51  4:35  Evolution Chamber  
  50  4:39  Roach x4, Evolution Chamber  
  57  4:55  Drone  
  57  4:58  Drone x2  
  60  5:00  Overlord x3  
  60  5:01  Extractor  
  60  5:03  Lair  
  59  5:21  Roach  
  59  5:22  Roach x6  
  59  5:26  Drone x2  
  75  5:29  Drone x2  
  77  5:47  Roach  
  77  5:48  Drone  
  77  5:49  Drone x8  
  88  5:53  Drone  
  88  5:54  Drone, Extractor  
  88  5:55  Drone  
  90  5:59  Overlord  
  86  6:31  Queen x2  
  90  6:38  Drone x3  
  90  6:39  Drone x5  
  98  6:42  Overlord x4, Extractor  
  98  6:43  Extractor  
  98  6:46  Zerg Ground Armor Level 1, Zerg Missile Weapons Level 1  
  96  6:47  Glial Reconstitution  
  96  6:50  Ravager x2  
  99  7:01  Ravager x3  
  99  7:02  Drone x3, Ravager  
  99  7:03  Drone x4  
  99  7:04  Drone  
  110  7:16  Roach x6  
  122  7:24  Overlord x4  
  122  7:28  Hatchery  
  121  7:41  Drone  
  122  7:47  Ravager x6  
  122  7:48  Ravager x2  
  130  7:52  Ravager  
  131  8:07  Roach x6  
  131  8:08  Roach x5  
  153  8:23  Overlord x3  
  153  8:39  Overlord x7  
  153  8:42  Ravager x7  
  160  8:48  Zerg Missile Weapons Level 2  
  160  9:03  Extractor  
  160  9:06  Extractor  
  158  9:21  Roach x3, Spore Crawler  
  158  9:22  Roach x12, Spore Crawler  
  158  9:23  Overlord  
  158  9:24  Overlord  
  165  9:45  Roach  
  165  9:46  Roach x14  
  193  10:18  Queen  
  193  10:32  Spore Crawler  
  193  10:33  Spore Crawler  
  191  10:48  Queen  
  187  10:51  Drone x5  
  187  10:52  Drone  
  187  10:55  Drone x6  
  195  11:19  Drone x5  
  200  11:30  Zerg Ground Armor Level 2  
  200  11:34  Infestation Pit  
  199  11:50  Spore Crawler x2  
  199  11:52  Spore Crawler  
  190  12:24  Hive  
  162  12:46  Roach x12  
  162  12:47  Roach x18  
  193  12:59  Ravager x7  
  200  13:14  Ravager x2  
  200  13:17  Ravager x2  
  200  13:18  Ravager x2  
  200  13:26  Hatchery, Extractor  
  190  13:28  Roach  
  190  13:29  Roach x9  
  190  13:31  Extractor  
  197  13:47  Roach x2  
  197  13:48  Roach x13  
  180  13:49  Ravager  
  180  13:50  Ravager x8  
  180  13:53  Ravager x4  
  180  13:54  Ravager x4  
  195  14:18  Hatchery  
  195  14:19  Zerg Missile Weapons Level 3  
  195  14:21  Zerg Ground Armor Level 3  
  194  14:47  Roach x3  
  131  15:15  Roach x5  
  131  15:16  Roach x15  
  131  15:21  Ravager x2  
  160  15:38  Drone x5  
  163  15:45  Ravager x9  
  163  15:46  Ravager x8  
  180  15:56  Roach x3  
  184  16:20  Spine Crawler  
  184  16:21  Spine Crawler  
  184  16:22  Spine Crawler x2  
  184  16:23  Spine Crawler  
  184  16:25  Spine Crawler  
  178  16:35  Roach x12  
  171  16:51  Queen  
  143  16:54  Roach x5  
  143  16:55  Roach x16  
  143  16:57  Ravager  
  143  16:58  Ravager x4  
  182  17:05  Ravager x7  
  189  17:09  Extractor  
  189  17:13  Ravager  
  189  17:14  Ravager  
  190  17:19  Ravager x7  
  163  17:32  Roach  
  163  17:33  Roach x14  
  168  17:42  Roach x5  
  161  17:54  Ravager x8  
  161  17:55  Roach  
  161  17:56  Roach x2  
  175  18:03  Roach  
  175  18:04  Roach x5  
  173  18:24  Roach x13  
  196  18:45  Ravager  
  193  19:01  Zergling x2  
  193  19:02  Extractor  
  193  19:05  Hatchery  
  192  19:16  Extractor  
  191  19:35  Drone  
  191  19:36  Drone x2  
  191  19:38  Drone x3  
  196  20:17  Spore Crawler  
  195  20:19  Spore Crawler x2  
Show
View Real Time Build Order
Export as new Build Order

Nïàk Terran 

Build Orders: Bio Tank 

Get SALT Encoding   

  12  0:10  SCV  
  13  0:19  Supply Depot  
  13  0:22  SCV  
  14  0:35  SCV  
  15  0:42  Barracks  
  15  0:47  Refinery, SCV  
  16  0:59  SCV  
  17  1:11  SCV  
  18  1:23  SCV  
  19  1:30  Marine  
  20  1:40  Command Center  
  20  1:46  Orbital Command  
  20  1:55  Supply Depot  
  20  2:00  Barracks Tech Lab  
  20  2:08  Barracks  
  20  2:12  SCV  
  21  2:21  Stimpack  
  21  2:24  SCV  
  21  2:27  Marine  
  23  2:36  SCV  
  24  2:47  Marine  
  24  2:48  SCV  
  26  2:52  Engineering Bay  
  26  2:56  Factory  
  26  2:57  Barracks Reactor  
  26  3:00  SCV  
  27  3:06  Orbital Command  
  27  3:12  SCV, Refinery  
  29  3:21  Marine  
  29  3:24  SCV  
  29  3:26  Refinery  
  30  3:30  Terran Infantry Weapons Level 1  
  30  3:33  SCV  
  31  3:36  SCV  
  31  3:38  Marine x2  
  34  3:44  Factory Reactor  
  34  3:45  SCV  
  35  3:49  SCV  
  35  3:53  Marine, Supply Depot  
  37  3:57  SCV  
  37  4:01  SCV  
  37  4:02  Marine x2  
  41  4:09  SCV  
  42  4:11  Starport  
  42  4:13  SCV  
  43  4:21  SCV, Marine x2  
  43  4:23  Marine  
  47  4:25  SCV  
  47  4:26  Combat Shields  
  47  4:31  Supply Depot  
  48  4:34  SCV  
  48  4:37  SCV  
  50  4:39  Marine x2  
  50  4:41  Marine  
  53  4:46  SCV  
  53  4:50  Factory Tech Lab  
  53  4:52  SCV  
  55  4:55  Supply Depot  
  55  4:58  Medivac, Supply Depot  
  57  5:00  Medivac  
  57  5:03  SCV  
  57  5:05  SCV  
  61  5:13  Marine  
  62  5:16  Marine  
  62  5:17  SCV x2  
  65  5:26  Command Center  
  65  5:28  Marine  
  65  5:29  SCV x2  
  65  5:34  Marine  
  65  5:35  Marine  
  70  5:41  SCV, Armory  
  71  5:43  Supply Depot x2  
  71  5:45  SCV  
  72  5:52  Refinery  
  72  5:54  SCV  
  73  6:07  Bunker  
  73  6:09  Missile Turret  
  72  6:12  Marine x3  
  75  6:21  Barracks  
  75  6:22  Barracks  
  72  6:30  Marine x2  
  72  6:31  Marauder, Siege Tank  
  72  6:32  Medivac x2  
  78  6:34  SCV  
  78  6:35  SCV  
  78  6:39  Engineering Bay  
  80  6:41  Orbital Command  
  80  6:49  Marine x2  
  82  6:54  Terran Infantry Weapons Level 2, SCV  
  82  6:57  SCV, Barracks  
  84  7:03  Refinery  
  84  7:06  SCV, Terran Infantry Armor Level 1  
  85  7:12  Barracks Tech Lab x2  
  85  7:15  Siege Tank  
  88  7:20  SCV x2  
  88  7:21  Factory  
  88  7:22  SCV  
  91  7:23  Barracks  
  91  7:26  Marine x2  
  91  7:27  Marauder  
  95  7:30  Medivac x2  
  95  7:32  Concussive Shells  
  95  7:34  SCV  
  95  7:35  Terran Vehicle Weapons Level 1, SCV x2  
  102  7:46  SCV  
  102  7:47  Marauder  
  102  7:48  Marauder, Marine x2  
  102  7:50  Barracks Reactor  
  108  8:06  Barracks  
  108  8:08  Factory Tech Lab  
  108  8:13  Command Center  
  108  8:16  Marine, Barracks Tech Lab  
  109  8:20  Supply Depot  
  109  8:21  Marauder x3, Marine  
  109  8:24  Supply Depot  
  116  8:27  Supply Depot  
  116  8:32  Siege Tank x2  
  122  8:34  Marine  
  122  8:37  Medivac  
  125  8:42  Marine, Medivac  
  125  8:44  Supply Depot  
  125  8:46  Marine  
  131  8:48  Marauder, Supply Depot  
  131  8:49  Marauder x3, Marine  
  131  8:52  Marine, Supply Depot  
  139  8:59  Marine  
  140  9:04  Siege Tank  
  140  9:05  Terran Infantry Armor Level 2  
  143  9:10  Refinery  
  143  9:21  Terran Infantry Weapons Level 3  
  130  9:55  Marine x4  
  130  9:56  Marauder x4  
  142  10:00  Siege Tank x2  
  135  10:35  Siege Tank x2  
  135  10:37  Marine x3  
  135  10:38  Marine x3  
  135  10:39  Marauder  
  128  11:03  Marine x4  
  128  11:04  Marauder x2, Marine x2  
  133  11:07  Siege Tank  
  133  11:08  Planetary Fortress, Siege Tank  
  133  11:09  SCV x2  
  133  11:10  SCV  
  147  11:16  Barracks Reactor  
  147  11:21  Barracks x2, Marine x4  
  147  11:22  Marauder x2  
  155  11:26  Marauder x2  
  155  11:30  Missile Turret  
  155  11:32  Sensor Tower  
  159  11:33  Missile Turret, Sensor Tower  
  159  11:39  Marine x4  
  166  11:40  Siege Tank x2  
  166  11:43  Marauder  
  166  11:44  Marauder  
  166  11:45  Supply Depot  
  166  11:47  Marine x2  
  173  11:48  Terran Vehicle Weapons Level 2  
  175  11:56  Marine  
  175  11:57  Marine x3  
  178  12:05  Marauder x4  
  178  12:07  Supply Depot  
  186  12:14  Marine x2  
  186  12:15  Marine x2  
  187  12:26  Marauder, Marine x3  
  192  12:30  Supply Depot  
  192  12:32  Marine x3  
  192  12:33  Marine  
  196  12:44  Marauder, Marine x2  
  178  12:48  Marauder  
  164  12:53  Marine  
  164  12:54  Barracks Reactor x2  
  164  12:55  Marine x3  
  168  13:02  Marauder x2  
  174  13:05  Marauder  
  174  13:07  Command Center  
  174  13:08  Marine  
  174  13:11  Marine  
  176  13:12  Marine  
  176  13:13  Marine x2  
  179  13:23  Marauder x2  
  180  13:27  Marauder x2  
  180  13:29  Marine  
  180  13:30  Marine  
  180  13:31  Marine x2  
  180  13:32  Marine x2  
  179  13:35  Marine x2  
  179  13:36  Siege Tank x2  
  187  13:45  Marauder x2  
  187  13:47  Marine  
  186  13:48  Marauder x2  
  186  13:51  Marine x5  
  186  13:53  Medivac x2  
  195  14:06  Marauder x2  
  195  14:09  Marauder  
  199  14:12  Marine x5  
  200  14:22  Planetary Fortress, Missile Turret  
  192  14:37  Siege Tank x2  
  192  14:47  Marine x5  
  192  14:48  Marauder  
  199  14:53  Marine  
  188  15:03  Marine x3  
  188  15:05  Marine x3  
  188  15:06  Marauder x2  
  163  15:09  Marauder, Siege Tank x2  
  159  15:22  Marine x2  
  159  15:23  Marauder  
  159  15:25  Refinery x2  
  159  15:27  Marauder  
  164  15:31  Marine x4  
  164  15:32  Marauder, Marine  
  172  15:40  Marine x2  
  169  15:44  Marauder  
  169  15:48  Marauder, Siege Tank x2  
  169  15:49  Marine x4  
  182  15:50  Marauder  
  182  15:53  Barracks Reactor, Marine  
  182  15:55  Starport  
  186  15:57  Marine  
  186  15:58  Marine  
  186  16:01  Starport  
  188  16:06  Marauder  
  188  16:07  Marine  
  188  16:10  Marauder  
  190  16:11  Marauder x2  
  190  16:17  Marine x5  
  193  16:20  Siege Tank  
  193  16:25  Marine  
  197  16:27  Marauder  
  197  16:32  Marine  
  177  16:47  Marine x4  
  177  16:48  Marauder x3, Marine  
  177  16:51  Marauder  
  171  16:57  Siege Tank  
  171  16:58  Siege Tank  
  169  17:10  Marauder  
  169  17:12  Marauder  
  169  17:14  Marine x2  
  169  17:15  Marine x4  
  177  17:16  Marauder x2  
  168  17:31  Marauder  
  168  17:32  Marine  
  168  17:33  Marauder, Marine x3  
  168  17:34  Marine x2  
  136  17:37  Marauder x2  
  117  17:50  Marine  
  117  17:51  Marine x2  
  117  17:52  Marauder  
  117  17:55  Marauder  
  123  17:58  Marauder  
  123  17:59  Marauder  
  123  18:00  Siege Tank x2  
  131  18:06  Medivac x2  
  128  18:26  Command Center  
  118  18:40  Marine x2  
  109  19:09  Marine x6  
  112  19:10  Marine x3  
  110  19:26  Marine x4  
  114  19:39  Medivac  
Tags
 
Add a new tag
Caveats
  • Supply blocks, unpowered buildings, or Contaminate may cause inaccurate times.
  • Supply counts are checked every 10 seconds.